Map: Echo LE (Void)

Players

PainGamer

  • Race: Protoss Protoss

Shamanas - Winner!

  • Race: Terran Terran

VOD

Have the link to the VOD?

Description

Time

  • Played on: May 1, 2015, 8:48 a.m.
  • Length: 17:28
Show
View Real Time Build Order
Export as new Build Order

PainGamer Protoss 

Build Orders:  

Get SALT Encoding   

  12  0:01  Probe  
  13  0:14  Pylon  
  13  0:17  Probe  
  14  0:32  Probe (Chrono Boost)  
  15  0:36  Gateway  
  16  0:43  Probe (Chrono Boost)  
  17  0:50  Probe  
  17  0:53  Assimilator  
  17  1:02  Probe (Chrono Boost)  
  17  1:03  Pylon  
  19  1:13  Probe (Chrono Boost)  
  19  1:19  Probe  
  19  1:23  Cybernetics Core  
  20  1:31  Probe (Chrono Boost)  
  23  1:43  Probe (Chrono Boost)  
  24  1:49  Nexus  
  24  1:52  Probe  
  23  2:06  Mothership Core (Chrono Boost), Assimilator  
  25  2:12  Pylon  
  25  2:14  Warp Gate (Chrono Boost)  
  25  2:22  Probe (Chrono Boost)  
  26  2:34  Stalker  
  28  2:42  Probe (Chrono Boost)  
  30  2:52  Probe (Chrono Boost)  
  30  3:01  Probe  
  30  3:02  Probe  
  32  3:15  Probe (Chrono Boost)  
  32  3:17  Stargate  
  34  3:20  Gateway  
  34  3:21  Gateway  
  34  3:22  Probe (Chrono Boost)  
  34  3:23  Stalker  
  35  3:28  Probe (Chrono Boost)  
  35  3:29  Probe (Chrono Boost)  
  37  3:40  Probe (Chrono Boost)  
  38  3:42  Pylon  
  38  3:47  Probe (Chrono Boost)  
  38  3:53  Probe x2 (Chrono Boost)  
  40  4:01  Pylon  
  40  4:02  Phoenix (Chrono Boost)  
  42  4:03  Probe (Chrono Boost)  
  42  4:05  Assimilator  
  42  4:06  Assimilator  
  42  4:09  Probe (Chrono Boost)  
  44  4:12  Pylon  
  44  4:15  Probe (Chrono Boost)  
  45  4:17  Robotics Facility  
  45  4:24  Probe  
  45  4:27  Phoenix (Chrono Boost)  
  45  4:29  Probe  
  49  4:36  Sentry, Probe  
  52  4:42  Probe  
  52  4:45  Phoenix (Chrono Boost)  
  55  4:48  Probe  
  55  4:49  Forge  
  56  4:54  Probe  
  57  5:01  Probe  
  57  5:04  Phoenix (Chrono Boost)  
  57  5:06  Probe  
  61  5:10  Stalker x3  
  61  5:23  Probe  
  61  5:26  Probe  
  61  5:27  Protoss Ground Armor Level 1 (Chrono Boost)  
  63  5:32  Probe  
  63  5:37  Robotics Bay  
  63  5:38  Probe  
  63  5:39  Photon Cannon  
  63  5:40  Photon Cannon  
  65  5:44  Probe  
  66  5:50  Probe, Phoenix  
  66  5:56  Probe  
  70  6:02  Probe  
  71  6:05  Pylon  
  71  6:14  Nexus  
  71  6:22  Probe  
  71  6:23  Probe  
  73  6:29  Pylon  
  73  6:36  Phoenix (Chrono Boost)  
  79  6:40  Gravitic Drive  
  79  6:44  Zealot x2  
  79  6:45  Disruptor (Chrono Boost)  
  83  6:50  Gateway  
  83  6:51  Probe, Gateway  
  83  6:52  Pylon  
  83  6:53  Gateway  
  83  6:55  Probe, Pylon  
  85  7:07  Zealot  
  85  7:08  Zealot x2  
  91  7:14  Twilight Council, Protoss Ground Weapons Level 1 (Chrono Boost)  
  95  7:24  Disruptor (Chrono Boost)  
  95  7:35  Probe (Chrono Boost), Zealot  
  95  7:36  Zealot x2  
  103  7:38  Probe (Chrono Boost)  
  103  7:39  Assimilator  
  103  7:41  Probe (Chrono Boost), Assimilator  
  104  7:48  Gateway  
  104  7:50  Gateway  
  104  7:51  Templar Archives, Probe (Chrono Boost)  
  105  7:52  Pylon  
  105  7:54  Charge (Chrono Boost)  
  105  8:01  Probe x2 (Chrono Boost)  
  105  8:05  Probe (Chrono Boost)  
  108  8:08  Zealot  
  108  8:09  Zealot  
  108  8:12  Probe x2 (Chrono Boost)  
  114  8:16  Probe (Chrono Boost)  
  114  8:17  Warp Prism (Chrono Boost)  
  114  8:19  Probe x2 (Chrono Boost), Psionic Storm  
  119  8:26  Probe  
  120  8:30  Probe x2  
  120  8:32  Disruptor x2  
  122  8:38  Probe  
  122  8:39  Photon Cannon  
  123  8:44  High Templar x3  
  129  8:54  Pylon  
  129  8:56  Gateway  
  129  8:57  Gateway, Pylon  
  129  8:58  Pylon  
  117  9:18  High Templar x2  
  117  9:19  High Templar x2  
  117  9:20  Zealot x4  
  129  9:26  Archon x2  
  127  9:37  Pylon  
  125  9:39  Disruptor (Chrono Boost), Pylon  
  125  9:41  Protoss Ground Armor Level 2 (Chrono Boost)  
  125  9:50  Pylon  
  125  9:52  Zealot x2  
  125  9:53  Zealot x4  
  125  9:57  Zealot x2  
  141  10:02  Nexus  
  141  10:03  Disruptor  
  144  10:15  Disruptor (Chrono Boost)  
  144  10:28  Pylon  
  144  10:32  Pylon  
  144  10:42  Pylon  
  148  10:51  Disruptor (Chrono Boost)  
  148  11:01  Zealot x6  
  148  11:02  Zealot x2  
  167  11:26  Disruptor (Chrono Boost)  
  167  11:27  Pylon, High Templar x3  
  167  11:29  Disruptor x2  
  173  11:38  High Templar  
  173  11:39  High Templar x2  
  179  11:40  High Templar  
  179  11:46  Assimilator  
  181  11:48  Gateway  
  181  11:50  Gateway x2  
  181  11:55  Gateway  
  181  11:56  Gateway  
  181  12:02  Gateway  
  175  12:17  Archon x2  
  179  12:25  Disruptor (Chrono Boost)  
  179  12:37  Pylon, Assimilator  
  179  12:38  Pylon  
  179  12:40  Pylon  
  179  12:48  Disruptor x3  
  183  12:51  Zealot x3  
  183  12:52  Zealot x5  
  183  12:55  Disruptor (Chrono Boost)  
  115  13:37  Observer (Chrono Boost)  
  102  13:44  Mothership Core (Chrono Boost)  
  98  13:51  High Templar x5  
  98  13:53  Zealot  
  98  13:54  Zealot x5  
  124  13:56  Disruptor (Chrono Boost)  
  124  14:04  Nexus  
  124  14:09  Protoss Ground Armor Level 3 (Chrono Boost)  
  123  14:21  Pylon  
  123  14:28  Zealot x5  
  123  14:29  Zealot x7  
  123  14:30  Zealot x4  
  153  14:33  Mothership Core (Chrono Boost)  
  153  14:35  Disruptor  
  153  14:59  Blink (Chrono Boost)  
  152  15:00  Pylon, Photon Cannon  
  152  15:02  Photon Cannon  
  152  15:03  Stalker x3  
  152  15:04  Stalker x4, Photon Cannon  
  152  15:06  Zealot x6  
  152  15:07  Zealot x3  
  183  15:40  Disruptor x4  
  183  15:49  Pylon  
  182  15:59  Disruptor (Chrono Boost)  
  180  16:10  Nexus  
  178  16:14  Pylon x2  
  119  16:29  Observer  
  108  16:33  Stalker x4  
  108  16:34  Stalker x2  
  118  16:41  Stalker  
  116  17:01  Zealot  
  116  17:02  Zealot x7  
  116  17:04  Stalker x2  
  116  17:05  Stalker x3  
  116  17:06  Zealot x3  
Show
View Real Time Build Order
Export as new Build Order

Shamanas Terran - Winner!

Build Orders: Reaper Expand, Mech 

Get SALT Encoding   

  12  0:01  SCV  
  13  0:13  SCV  
  14  0:17  Supply Depot  
  14  0:25  SCV  
  15  0:39  Refinery  
  15  0:41  Barracks  
  15  0:45  SCV  
  16  0:58  SCV  
  17  1:11  SCV  
  18  1:27  Orbital Command  
  18  1:29  Reaper  
  18  1:32  Supply Depot  
  19  1:49  Command Center  
  19  1:53  SCV  
  20  2:03  Factory  
  20  2:06  SCV  
  21  2:16  Barracks Reactor  
  21  2:18  SCV  
  22  2:33  SCV  
  23  2:45  SCV, Supply Depot  
  23  2:47  Factory Tech Lab  
  24  2:53  Marine x2  
  24  2:57  SCV  
  27  3:02  Bunker, Orbital Command  
  27  3:09  SCV, Refinery  
  27  3:12  Marine x2  
  29  3:18  Supply Depot  
  30  3:20  Cyclone  
  30  3:23  SCV  
  34  3:38  SCV x2  
  35  3:45  Marine x2  
  37  3:52  Command Center, Missile Turret  
  37  3:53  SCV x2  
  39  3:57  Missile Turret  
  39  4:07  SCV  
  39  4:08  SCV  
  39  4:09  Cyclone  
  44  4:18  Refinery  
  44  4:19  SCV  
  44  4:20  SCV, Refinery  
  46  4:26  Marine x2  
  48  4:31  Factory  
  48  4:34  SCV  
  48  4:35  SCV  
  50  4:39  Factory  
  50  4:46  SCV  
  50  4:47  SCV  
  52  4:59  SCV x2  
  54  5:02  Cyclone  
  54  5:03  SCV  
  58  5:13  SCV x2  
  56  5:23  Orbital Command  
  56  5:26  SCV x2  
  56  5:28  Missile Turret  
  50  5:30  Missile Turret  
  50  5:31  Factory Reactor  
  50  5:32  Starport  
  50  5:33  Hellion x2  
  50  5:34  Siege Tank  
  57  5:44  SCV x2  
  58  5:57  Hellion x2  
  58  5:58  Missile Turret  
  58  6:00  Missile Turret  
  60  6:06  Siege Tank  
  66  6:11  Hellion x2  
  66  6:12  Starport Reactor  
  65  6:21  SCV x3, Missile Turret  
  68  6:26  Armory  
  68  6:28  Supply Depot  
  68  6:33  SCV  
  68  6:36  Missile Turret  
  68  6:42  Hellion x4  
  75  6:49  Siege Tank  
  75  6:50  Orbital Command  
  75  6:51  Supply Depot  
  75  6:52  Supply Depot x2  
  78  6:56  SCV x2  
  78  6:59  Missile Turret  
  80  7:06  Hellion x2  
  84  7:13  Hellion x2  
  88  7:20  SCV x3, Engineering Bay  
  93  7:32  Viking x2  
  93  7:35  Thor  
  93  7:36  Missile Turret  
  101  7:39  SCV  
  101  7:40  SCV x2  
  101  7:41  Terran Vehicle and Ship Weapons Level 1  
  101  7:43  Refinery  
  101  7:44  Refinery  
  104  7:45  Supply Depot  
  104  7:47  Supply Depot  
  108  7:52  SCV  
  108  7:56  SCV  
  108  7:58  Hellbat  
  108  8:02  Hi-Sec Auto Tracking  
  108  8:06  Viking x2  
  108  8:07  Hellbat x2  
  108  8:09  Hellbat  
  118  8:18  Thor  
  124  8:22  SCV  
  125  8:30  Starport x2  
  125  8:34  SCV x2  
  125  8:41  Command Center  
  125  8:48  Infernal Pre-Igniter  
  125  9:08  SCV, Viking x2  
  125  9:10  SCV x2, Missile Turret  
  125  9:13  Siege Tank, Missile Turret, Hellbat x2  
  125  9:14  Starport Reactor, Hellbat  
  125  9:15  Starport Tech Lab  
  124  9:22  SCV  
  88  9:40  Refinery x2  
  88  9:42  Terran Vehicle and Ship Weapons Level 2  
  88  9:43  Viking x2  
  88  9:44  Banshee  
  88  9:45  Hellbat x3  
  103  9:46  Hellbat  
  103  9:49  Thor  
  109  9:53  Planetary Fortress  
  109  9:57  SCV x3  
  112  10:07  Viking x2  
  112  10:09  Hellbat x3  
  112  10:10  Hellbat  
  112  10:13  Starport x2  
  124  10:19  Fusion Core  
  124  10:22  Viking x2  
  124  10:24  SCV x2  
  124  10:25  SCV  
  131  10:30  Banshee  
  131  10:31  Hellbat  
  134  10:36  SCV  
  129  10:44  SCV x3  
  129  10:48  SCV, Missile Turret  
  129  10:49  Hellbat x2  
  137  10:51  Hellbat  
  137  10:52  Starport Tech Lab x2  
  139  10:57  Cloaking Field  
  139  11:05  Supply Depot  
  139  11:06  Supply Depot  
  139  11:08  Supply Depot, SCV  
  140  11:27  SCV x3, Siege Tank  
  146  11:38  Hellbat x2  
  146  11:39  Hellbat x2  
  154  11:43  Banshee x3  
  163  11:48  Supply Depot  
  163  11:50  Supply Depot  
  163  11:52  Unknown  
  163  11:58  Command Center, Missile Turret  
  163  11:59  Hyperflight Rotors  
  163  12:01  Missile Turret  
  163  12:03  Supply Depot  
  163  12:04  Supply Depot  
  154  12:10  SCV x2  
  154  12:14  Thor  
  160  12:18  SCV x2  
  160  12:22  SCV  
  163  12:26  Banshee x3, Refinery x2  
  172  12:35  Viking x3  
  172  12:36  Viking  
  178  12:49  SCV x2  
  180  12:51  Hellion x14  
  180  12:55  Hellion, Hellbat  
  184  13:05  Siege Tank  
  187  13:09  Banshee  
  187  13:10  Planetary Fortress  
  190  13:14  Sensor Tower  
  190  13:23  Hellion x2  
  190  13:24  Hellbat x2  
  152  13:27  Banshee x2  
  152  13:28  Viking x2  
  151  13:34  SCV x2  
  151  13:35  SCV  
  143  13:52  Barracks x2  
  143  13:53  Ghost Academy  
  143  13:54  Barracks  
  143  14:01  Hellion x2  
  143  14:02  Banshee, Hellion  
  146  14:03  Hellbat  
  146  14:04  Siege Tank, Hellbat x2  
  155  14:10  Banshee  
  155  14:11  SCV x2  
  155  14:12  SCV x2  
  162  14:30  Hellbat x4  
  162  14:31  Banshee  
  173  14:32  Viking x2  
  175  14:44  Banshee  
  174  14:49  Barracks Tech Lab x2  
  174  14:50  Barracks Tech Lab  
  174  14:52  Banshee  
  171  15:09  Ghost x2  
  171  15:10  Ghost  
  171  15:11  Command Center  
  171  15:12  Hellbat x2  
  171  15:13  Banshee  
  182  15:18  Missile Turret  
  182  15:25  Refinery  
  182  15:27  Banshee, Refinery  
  182  15:28  Viking  
  187  15:35  Banshee  
  187  15:39  Hellbat x4  
  187  15:40  Ghost  
  200  15:49  Personal Cloaking  
  198  15:57  Banshee  
  193  16:17  Hellbat  
  193  16:18  Banshee x2, Siege Tank, Hellbat x3  
  180  16:19  Viking  
  184  16:38  Planetary Fortress  
  184  16:43  SCV x3  
  187  16:48  Ghost x2  
  187  16:49  Ghost  
  187  16:50  Hellbat x3  
Tags
 
Composition
Mech
Matchup
PvT
Replay Pack
Lotv Pack #1
Add a new tag
Caveats
  • Supply blocks, unpowered buildings, or Contaminate may cause inaccurate times.
  • Supply counts are checked every 10 seconds.